 Dungeon Crawl Stone Soup version 0.19-a0-1532-g228a5d9 (console) character file.

5998 utis the Grappler (level 10, -5/100 HPs)
             Began as a Troll Warper on Sept 13, 2016.
             Was a Believer of Cheibriados.
             Slain by Erolcha
             ... wielding a +5 giant club
              (24 damage)
             ... on level 9 of the Dungeon.
             The game lasted 00:32:01 (9469 turns).

utis the Grappler (Troll Warper)                    Turns: 9469, Time: 00:32:02

Health: -5/100     AC:  6    Str: 26    XL:     10   Next: 55%
Magic:  9/13       EV: 13    Int: 16    God:    Cheibriados [**....]
Gold:   176        SH:  0    Dex: 15    Spells: 4 memorised, 5 levels left

rFire  + . .     SeeInvis .       - Unarmed
rCold  . . .     Gourm    +     n - +1 robe {rF+}
rNeg   . . .     Faith    .     (no shield)
rPois  .         Spirit   .     (helmet restricted)
rElec  .         Dismiss  .     (no cloak)
rCorr  .         Reflect  .     (gloves unavailable)
MR     .....     Harm     .     (boots unavailable)
Stlth  +.........               (no amulet)
                                (no ring)
                                (no ring)

@: very slow
A: unfitting armour, claws 3, fast metabolism 3, gourmand, regeneration 1,
shaggy fur 1, tough skin 2
a: Bend Time, Renounce Religion


You were on level 9 of the Dungeon.
You worshipped Cheibriados.
Cheibriados was pleased with you.
You were completely stuffed.

You visited 2 branches of the dungeon, and saw 10 of its levels.

You collected 428 gold pieces.
You spent 252 gold pieces at shops.

Inventory:

Hand Weapons
 b - a +0 shortbow
 c - a +0 blowgun {@w1}
 w - a +1 hunting sling
Missiles
 d - 8 tomahawks of dispersal {=f}
 j - 241 stones (quivered)
 o - 60 poisoned needles
 v - 39 sling bullets
 x - 265 arrows
 I - 14 bolts
 J - 2 javelins
 M - 6 tomahawks
 N - 6 large rocks
Armour
 a - a +0 robe
 n - a +1 robe of fire resistance (worn)
Magical Staves
 O - an uncursed staff of earth {unknown}
Jewellery
 e - an uncursed ring of flight {unknown}
 i - an uncursed ring of stealth {unknown}
 m - an uncursed amulet of the gourmand {unknown}
 s - an uncursed ring of protection from magic {unknown}
 C - an uncursed ring of flight {unknown}
 E - an uncursed ring of stealth {unknown}
 F - an uncursed ring of wizardry {unknown}
 X - an uncursed amulet of rage {unknown}
Wands
 P - a wand of iceblast (6/15)
 R - a wand of polymorph (8/24)
 Y - a wand of teleportation (3/9) {@v4}
Scrolls
 p - 2 scrolls of amnesia
 t - 7 scrolls of remove curse {@r2}
 y - 2 scrolls of teleportation {@r4}
 G - a scroll of fear {unknown}
 L - 2 scrolls of fog
 S - 2 scrolls of blinking
 T - 2 scrolls of identify {@r1}
 Z - a scroll of acquirement {unknown}
Potions
 h - 3 potions of flight
 k - 6 potions of curing {@q1}
 l - 2 potions of degeneration
 r - a potion of ambrosia
 Q - a potion of heal wounds {unknown}
 V - 2 potions of magic {unknown}
Books
 g - a book of Enchantments

   Spells                             Type                      Level
   a - Cause Fear                     Hexes                        4
   b - Yara's Violent Unravelling     Hexes/Transmutation          5
   c - Silence                        Hexes/Air                    5
   d - Deflect Missiles               Charms/Air                   6
   e - Haste                          Charms                       6
   f - Discord                        Hexes                        8
 u - a book of Dreams

   Spells                             Type                      Level
   a - Ensorcelled Hibernation        Hexes/Ice                    2
   b - Silence                        Hexes/Air                    5
   c - Darkness                       Hexes                        6
   d - Shadow Creatures               Summoning                    6
 H - a book of Spatial Translocations

   Spells                             Type                      Level
   a - Apportation                    Translocation                1
   b - Blink                          Translocation                2
   c - Shroud of Golubria             Charms/Translocation         2
   d - Portal Projectile              Translocation                3
   e - Teleport Other                 Translocation                3
   f - Passage of Golubria            Translocation                4
 K - a Fen Folio

   Spells                             Type                      Level
   a - Corpse Rot                     Necromancy                   2
   b - Stone Arrow                    Conjuration/Earth            3
   c - Leda's Liquefaction            Hexes/Earth                  4
   d - Summon Forest                  Summoning/Translocation      5
   e - Hydra Form                     Transmutation                6
   f - Summon Hydra                   Summoning                    7
 U - a book of Frost

   Spells                             Type                      Level
   a - Freeze                         Ice                          1
   b - Throw Frost                    Conjuration/Ice              2
   c - Ozocubu's Armour               Charms/Ice                   3
   d - Throw Icicle                   Conjuration/Ice              4
   e - Summon Ice Beast               Ice/Summoning                4
Comestibles
 f - 10 bread rations {@e1}
 q - 2 beef jerkies {@e2}
 z - a slice of pizza {@e2}
 A - 3 fruits {@e2}
 B - 2 meat rations {@e1}
 D - a royal jelly {@e3}


   Skills:
 - Level 6.4 Fighting
 - Level 0.8 Throwing
 - Level 6.0 Dodging
 - Level 8.6 Unarmed Combat
 - Level 2.2 Spellcasting
 - Level 1.6 Charms
 + Level 4.1 Translocations
 - Level 6.0 Invocations


You had 5 spell levels left.
You knew the following spells:

 Your Spells              Type           Power        Failure   Level  Hunger
a - Apportation           Tloc           ###.......   4%          1    #......
g - Shroud of Golubria    Chrm/Tloc      ##........   12%         2    ###....
o - Teleport Other        Tloc           ###.....     12%         3    ###....
v - Blink                 Tloc           N/A          8%          2    ###....


Dungeon Overview and Level Annotations

Branches:
Dungeon (9/15)             Temple (1/1) D:7            Lair (0/6) D:9
    Orc: D:9-12

Altars:
Ashenzari
Cheibriados
Dithmenos
Elyvilon
Fedhas
Gozag
Hepliaklqana
Kikubaaqudgha
Makhleb
Nemelex Xobeh
Qazlal
Ru
Sif Muna
Trog
Uskayaw
Vehumet
Xom
Yredelemnul
Zin

Shops:
D:8 }   D:9 [

Annotations:
D:3 8 exclusions
D:5 Xiguana's ghost, amateur DsCK
D:9 Erolcha


Innate Abilities, Weirdness & Mutations

You are too large for most types of armour.
You have claws for hands.
Your metabolism is lightning-fast.
You like to eat raw meat.
Your natural rate of healing is unusually fast.
You are covered in fur. (AC +1)
You have very tough skin. (AC +2)


Message History

Erolcha closely misses you.
The quokka bites you but does no damage.
The flow of time bends around you.
Cheibriados rebukes the quokka.
The quokka seems to slow down.
Cheibriados rebukes Erolcha.
Erolcha seems to slow down.
You feel slightly less full.
Erolcha hits you with an enchanted giant club!
* * * LOW HITPOINT WARNING * * *
The quokka barely misses you.
You closely miss Erolcha.
Erolcha is severely wounded.
You claw Erolcha!
Erolcha is almost dead.
Erolcha hits you with an enchanted giant club!!
* * * LOW HITPOINT WARNING * * *
The quokka barely misses you.
You feel better. The quokka misses you.
Erolcha hits you with an enchanted giant club!!
You die...

........░ ░..░ ░.░ ░.░ 8....
.░░░░░░░░ ░..░░░.░░░.░
░░.... .░░░ ░..░░...░░.░░░░░
...░░░░ ░..░░..........░
......░░░░░░░..░░..........░
............. ░░..░░.░░░░░
░░O░░.░░░.░░░)░░░░..░░.░ ░.░
.O. ░..r.......░ ░.░ >.░░
░..OT..[░░░░ .░. O.░
......░░░...... .░ ░...░
░░.░░. ........ ░ ░.░░ ░ ░.
........ .░ ░r .░..░░░░░ .
.. .... ░ ░➘ ..░░


You could see Erolcha and a quokka.

Vanquished Creatures
  Pikel (D:9)
  A cyclops (D:8)
  2 two-headed ogres
  Grinder (D:4)
  A wraith (D:9)
  Sigmund (D:6)
  A hungry ghost (D:8)
  Edmund (D:6)
  3 wargs (D:9)
  Duvessa (D:6)
  An ice beast (D:5)
  3 orc warriors
  A phantom (D:5)
  2 sky beasts
  3 ogres
  6 centaurs
  6 giant frogs
  3 big kobolds
  Dowan (D:6)
  A wyvern skeleton (D:7)
  2 scorpions
  4 wights (D:8)
  A howler monkey (D:4)
  3 crimson imps
  A centaur zombie (D:6)
  A giant frog zombie (D:6)
  5 hounds
  A jelly (D:6)
  6 orc wizards
  4 orc priests
  Ijyb (D:3)
  A centaur skeleton (D:6)
  Terence (D:3)
  4 worker ants
  A killer bee zombie (D:8)
  2 hound zombies
  2 hound skeletons
  14 adders
  A howler monkey skeleton (D:4)
  4 gnolls (D:4)
  2 oozes
  An adder zombie (D:7)
  3 adder skeletons
  4 worms
  2 dart slugs
  8 giant geckos
  20 orcs
  8 giant cockroaches
  13 goblins
  12 hobgoblins
  9 jackals
  8 quokkas
  17 bats
  A giant gecko skeleton (D:6)
  6 giant newts
  A jackal skeleton (D:4)
  A jackal zombie (D:6)
  23 kobolds
  A quokka skeleton (D:7)
  6 rats
245 creatures vanquished.

Vanquished Creatures (others)
  2 slaves (D:9)
  A necrophage (D:9)
  An ogre (D:9)
  A giant frog (D:9)
  An orc wizard (D:9)
  A giant gecko (D:9)
  2 orcs (D:9)
9 creatures vanquished.

Grand Total: 254 creatures vanquished

Notes
Turn   | Place    | Note
-------+----------+-------------------------------------------
     0 | D:1      | utis the Troll Warper began the quest for the Orb.
     0 | D:1      | Reached XP level 1. HP: 19/19 MP: 1/1
   200 | D:1      | Reached XP level 2. HP: 23/27 MP: 2/2
   234 | D:1      | Reached skill level 3 in Unarmed Combat
  1018 | D:1      | Reached XP level 3. HP: 33/33 MP: 3/3
  1406 | D:2      | Learned a level 2 spell: Shroud of Golubria
  1485 | D:2      | Reached skill level 4 in Unarmed Combat
  1538 | D:2      | Found a faded altar of an unknown god.
  1712 | D:2      | Reached XP level 4. HP: 41/41 MP: 4/4
  2012 | D:2      | Found a sacrificial altar of Ru.
  2109 | D:3      | Learned a level 2 spell: Blink
  2264 | D:3      | Reached skill level 5 in Unarmed Combat
  2387 | D:3      | Noticed Ijyb
  2395 | D:3      | Killed Ijyb
  2395 | D:3      | Reached XP level 5. HP: 48/48 MP: 5/5
  2588 | D:3      | Noticed Terence
  2610 | D:3      | Killed Terence
  2790 | D:3      | Found an opulent altar of Gozag.
  2925 | D:3      | Found a stormy altar of Qazlal.
  3236 | D:3      | Reached skill level 1 in Charms
  3272 | D:3      | Reached XP level 6. HP: 51/55 MP: 7/7
  3503 | D:3      | Learned a level 3 spell: Teleport Other
  4332 | D:4      | Reached XP level 7. HP: 62/62 MP: 6/9
  4533 | D:4      | Noticed Grinder
  4612 | D:4      | Paralysed by Grinder for 2 turns
  4623 | D:4      | Killed Grinder
  4623 | D:4      | Reached skill level 6 in Unarmed Combat
  4738 | D:5      | Entered Level 5 of the Dungeon
  4848 | D:5      | Reached skill level 7 in Unarmed Combat
  5140 | D:5      | Reached XP level 8. HP: 65/70 MP: 8/10
  5248 | D:5      | Reached skill level 8 in Unarmed Combat
  5451 | D:5      | Noticed Xiguana's ghost (amateur DsCK)
  5761 | D:6      | Noticed Sigmund
  5796 | D:6      | Killed Sigmund
  5905 | D:6      | Noticed Edmund
  5968 | D:6      | Killed Edmund
  6172 | D:6      | Noticed Duvessa
  6184 | D:6      | Noticed Dowan
  6187 | D:6      | Killed Duvessa
  6187 | D:6      | Reached skill level 5 in Dodging
  6222 | D:6      | Killed Dowan
  6253 | D:6      | Found a burning altar of Makhleb.
  6504 | D:6      | Reached XP level 9. HP: 76/76 MP: 8/11
  6788 | D:7      | Found a blossoming altar of Fedhas.
  7153 | D:7      | Found a hide-covered altar of Uskayaw.
  7308 | D:7      | Found a staircase to the Ecumenical Temple.
  7335 | Temple   | Entered the Ecumenical Temple
  7443 | Temple   | Became a worshipper of Cheibriados the Contemplative
  7799 | D:8      | Found a glowing silver altar of Zin.
  7893 | D:8      | Reached skill level 5 in Fighting
  8168 | D:8      | Found a basalt altar of Yredelemnul.
  8172 | D:8      | Reached * piety under Cheibriados
  8288 | D:8      | Found Goxobic's Gadget Emporium.
  8293 | D:8      | Noticed a cyclops
  8307 | D:8      | Killed a cyclops
  8307 | D:8      | Reached XP level 10. HP: 58/100 MP: 9/12
  8402 | D:8      | Bought a wand of teleportation (3/9) for 252 gold pieces
  8891 | D:9      | Found Loupt's Antique Armour Boutique.
  8975 | D:9      | Noticed Pikel
  8987 | D:9      | Killed Pikel
  8987 | D:9      | Reached ** piety under Cheibriados
  8987 | D:9      | Reached skill level 5 in Invocations
  9134 | D:9      | Found a staircase to the Lair.
  9167 | D:9      | Found a sparkling altar of Nemelex Xobeh.
  9216 | D:9      | Found a shimmering altar of Xom.
  9273 | D:9      | Noticed Erolcha
  9469 | D:9      | Slain by Erolcha

Vault maps used:
D:1:      dpeg_arrival_tiny_a
D:2:      lemuel_round_altar, ecumenical_altar_1, serial_bayou_pond_a,
          grunt_ministairs_2, minmay_pentomino_o4
D:3:      grunt_gozag_breadcrumbs, lemuel_coloured_pillars_altar, first_bread,
          gup_sewer_entry_spiral, uniq_terence, uniq_iyjb
D:4:      kennysheep_nondescript, kennysheep_small_circle, uniq_grinder
D:6:      lightli_temple_of_fire, serial_undead, serial_undead_a,
          serial_undead_b, serial_undead_c, serial_undead_b,
          dk_rats_in_the_wall, uniq_sigmund, uniq_edmund, uniq_duvessa
D:7:      fedhas_altar_3, lemuel_doored_altar
D:8:      marbit_many_paths, lemuel_crystal_altar, serial_shops, shop
D:9:      kennysheep_mini, nicolae_overflow_hidden_temple,
          erik_lair_orcish_takeover, serial_shops, shop, basic_altar,
          uniq_pikel, uniq_erolcha
Temple:   compressed_dpeg_circular_temple

Skill      XL: |  1  2  3  4  5  6  7  8  9 10 |
---------------+-------------------------------+-----
Unarmed Combat | 3 4 5 7 8 |  8.6
Charms         | 1 |  1.6
Translocations | 3 4 |  4.1
Spellcasting   | 2 |  2.2
Dodging        | 6 |  6.0
Fighting       | 6 |  6.4
Invocations    | 2 6 |  6.0
Throwing       | |  0.8

Action                   |  1- 3 |  4- 6 |  7- 9 | 10-12 || total
-------------------------+-------+-------+-------+-------++-------
Melee: Unarmed           |   116 |   190 |   370 |   107 ||   783
       Punch             |     1 |     1 |    18 |     4 ||    24
 Fire: Hunting sling     |     1 |       |       |       ||     1
       Shortbow          |       |       |     5 |       ||     5
Throw: Stone             |    29 |    13 |    39 |     6 ||    87
       Javelin           |       |       |     5 |       ||     5
 Cast: Shroud of Golubri |       |    14 |    43 |    11 ||    68
       Apportation       |       |     2 |       |       ||     2
Invok: Bend Time         |       |       |       |     1 ||     1
  Use: Scroll            |       |     9 |     4 |     1 ||    14
       Potion            |       |       |       |     1 ||     1
 Stab: Sleeping          |       |     3 |       |       ||     3
  Eat: Chunk             |    21 |    18 |    50 |     7 ||    96
Armor: Robe              |    46 |    47 |    80 |    22 ||   195
Dodge: Dodged            |    52 |    77 |   195 |    55 ||   379
